 Dungeon Sprint DCSS version 0.29.1-15-g9cfb28693d (webtiles) character file.

Game seed: 5648763222579567439

3200 boopmooplesden the Impaler (level 9, -1/99 HPs)
             Began as a Minotaur Berserker on Mar 13, 2023.
             Was the Champion of Trog.
             Splashed by a brown ugly thing's acid (8 damage)
             ... in the Dungeon (Sprint V: "Ziggurat Sprint").
             The game lasted 00:03:17 (707 turns).

boopmooplesden the Impaler (Minotaur Berserker)      Turns: 707, Time: 00:03:17

Health: -1/99      AC: 25    Str: 32      XL:     9   Next: 64%
Magic:  8/8        EV: 10    Int:  2 (4)  God:    Trog [******]
Gold:   0          SH:  2    Dex: 10      Spells: 8/8 levels left

rFire   + . .      SeeInvis .   k - +5 bardiche
rCold   + . .      Faith    .   (shield currently unavailable)
rNeg    . . .      Spirit   .   j - +5 gold dragon scales
rPois   +          Reflect  .   (helmet restricted)
rElec   .          Harm     .   (no cloak)
rCorr   .          Rampage  .   (no gloves)
Will    .....      NoTele   +   (no boots)
Stlth   ..........              (no amulet)
HPRegen 0.26/turn               r - +6 ring of strength
MPRegen 0.11/turn               I - ring of the Octopus King {Fly HP+2 AC+2 EV+2 SH+2}

@: on berserk cooldown, flying
A: horns 2, retaliatory headbutt
a: Renounce Religion, Berserk, Trog's Hand, Brothers in Arms


You were in the Dungeon.
You worshipped Trog.
Trog was exalted by your worship.
You visited 1 branch

Inventory:

Hand Weapons
 a - a +0 spear
 k - a +5 bardiche (weapon)
 l - a +5 demon trident
 y - the +8 lance "Wyrmbane" {slay drac, rPois rF+ rC+ AC+3}
   (You found it in the Dungeon)

   It inflicts extra damage against dragons and draconians.
   AC:        It affects your AC (+3).
   rF:        It protects you from fire.
   rC:        It protects you from cold.
   rPois:     It protects you from poison.
Armour
 b - a +0 animal skin
 i - a +5 crystal plate armour
 j - +5 gold dragon scales (worn)
 x - the +18 shield of the Gong {rElec rN+ Will+ EV-5}
   (You found it in the Dungeon)

   It is deafeningly noisy when blocking attacks.
   EV:        It affects your evasion (-5).
   rElec:     It insulates you from electricity.
   rN:        It protects you from negative energy.
   Will:      It increases your willpower.
 z - a +3 tower shield
Jewellery
 m - a ring of flight
 n - a +6 ring of dexterity
 o - a +6 ring of dexterity
 p - a +6 ring of intelligence
 q - a +6 ring of intelligence
 r - a +6 ring of strength (left hand)
 s - a +6 ring of strength
 I - a ring of the Octopus King (right hand) {Fly HP+2 AC+2 EV+2 SH+2}
   (You found it in the Dungeon)

   [ring of flight]

   AC:        It affects your AC (+2).
   EV:        It affects your evasion (+2).
   HP:        It affects your health (+2).
   Fly:       It grants you flight.
   SH:        It affects your SH (+2).
 J - the ring of the Ant {*Slow rPois rC+ SInv Stlth+}
   (You found it in the Dungeon)

   [ring of protection from cold]

   rC:        It protects you from cold.
   rPois:     It protects you from poison.
   SInv:      It lets you see invisible.
   *Slow:     It may slow you when you take damage.
   Stlth:     It makes you more stealthy.
 K - the ring of Puefal {rCorr EV+4 Stlth+}
   (You found it in the Dungeon)

   [ring of evasion]

   EV:        It affects your evasion (+4).
   rCorr:     It protects you from acid and corrosion.
   Stlth:     It makes you more stealthy.
 M - a ring of protection from cold
 N - a +6 ring of intelligence
 O - a ring of protection from fire
Wands
 t - a wand of mindburst (7)
 u - a wand of iceblast (7)
 v - a wand of acid (7)
Scrolls
 h - 4 scrolls of blinking
 E - 7 scrolls of butterflies
 F - 5 scrolls of identify
 G - 2 scrolls of fear
Potions
 c - 10 potions of curing
 d - 10 potions of heal wounds
 e - 10 potions of haste
 f - 7 potions of magic
 g - 3 potions of berserk rage
 A - 2 potions of invisibility
 B - 4 potions of resistance
 C - a potion of experience
 D - 6 potions of might
Miscellaneous
 w - a lightning rod (4/4)
 H - a piece from Xom's chessboard (15/15)
 L - a tin of tremorstones (2/2)
 P - a box of beasts


   Skills:
 + Level 15.1 Fighting
 + Level 17.5 Polearms
 + Level 12.1 Armour
 + Level 6.3 Dodging
 + Level 3.1 Shields
 + Level 0.5 Evocations


You had 8 spell levels left.
You didn't know any spells.
Your spell library was empty.

Dungeon Overview and Level Annotations

Branches:
Dungeon (1/1)

Altars:
Ashenzari
Cheibriados
Dithmenos
Elyvilon
Fedhas
Gozag
Hepliaklqana
Kikubaaqudgha
Makhleb
Nemelex Xobeh
Okawaru
Qazlal
Ru
Sif Muna
Trog
Uskayaw
Vehumet
Wu Jian
Xom
Yredelemnul
Zin
The Shining One
Jiyva
Lugonu


Innate Abilities, Weirdness & Mutations

You have a pair of horns on your head.
You reflexively headbutt those who attack you in melee.


Message History

The manticore claws you but does no damage.
You completely miss the manticore. The brown ugly thing barely misses you.
The green ugly thing barely misses you. You furiously retaliate!
You headbutt the green ugly thing!
The manticore bites you but does no damage.
The manticore claws you but does no damage.
The manticore barely misses you.
The brown ugly thing closely misses you.
You carve the hog like the proverbial ham!!!
You kill the hog!
Trog accepts your kill.
The hog's shape twists and changes as it dies.
The green ugly thing engulfs you but does no damage.
The manticore bites you but does no damage.
The manticore claws you.
The manticore claws you but does no damage.
The brown ugly thing closely misses you.
You furiously retaliate!
You headbutt the brown ugly thing, but do no damage.
You feel your intelligence returning.
Your tin of tremorstones (2/2) has regained one charge.
You barely miss the green ugly thing.
The green ugly thing is severely wounded.
The green ugly thing engulfs you. The manticore bites you!
The manticore claws you but does no damage.
The manticore claws you.
The brown ugly thing closely misses you.
You furiously retaliate!
You headbutt the brown ugly thing. You barely miss the green ugly thing.
The green ugly thing is severely wounded.
The green ugly thing completely misses you.
The manticore bites you!
* * * LOW HITPOINT WARNING * * *
The manticore claws you but does no damage.
The manticore claws you!
* * * LOW HITPOINT WARNING * * *
The brown ugly thing claws you!
* * * LOW HITPOINT WARNING * * *
You are splashed with acid!
You die...

▓..8©8..▓
▓..=[)}...▓..=))..▓
▓...|}[...▓..[||..▓
▓.........▓.......▓
▓.........▓.......▓
▓.........▓.......▓
▓.........▓..÷....▓
▓....u†u..▓.▓÷.÷▓.▓
▓...3H@...▓...©...▓
▓▓▓▓▓▓▓▓▓▓▓▓▓▓▓▓▓▓▓
▓..8©8..▓ ▓....:..▓
▓...)...▓ ▓.......▓
▓.......▓ ▓.......▓
▓...†...▓


You could see 2 ugly things, a manticore shaped shifter and a neqoxec.

Vanquished Creatures
  An ugly thing (D)
  A black mamba (D)
  A komodo dragon (D)
  A tarantella (D)
  A blink frog (shapeshifter) (D)
  3 jumping spiders (D)
  2 spriggans (D)
  A hog (shapeshifter) (D)
  A large abomination (D)
  A water moccasin (D)
  A black bear (D)
  3 wolves (D)
  4 scorpions (D)
  2 quasits (D)
  2 iron imps (D)
  A shadow imp (D)
  A white imp (D)
  An adder skeleton (D)
  A bat skeleton (D)
  A bat zombie (D)
  2 jackals (D)
  A quokka zombie (D)
33 creatures vanquished.

Notes
Turn   | Place    | Note
-------+----------+-------------------------------------------
     0 | D        | boopmooplesden the Minotaur Berserker began the quest for
                  | the Orb.
     0 | D        | Reached XP level 1. HP: 19/19 MP: 0/0
    13 | D        | Found a blossoming altar of Fedhas.
    13 | D        | Found the +6 Majin-Bo {vamp, MP+6 Int+6}
    13 | D        | Found the +9 heavy crossbow "Sniper" {vorpal, Acc+∞ SInv}
    13 | D        | Found the +10 dark maul {vorpal}
    13 | D        | Found the +15 Maxwell's patent armour {-Cast -Tele rElec
                  | Will+ rCorr}
    13 | D        | Found the +18 shield of the Gong {rElec rN+ Will+ EV-5}
    13 | D        | Found the +14 obsidian axe {vorpal, Mesm Drain Fly SInv}
    13 | D        | Found the +7 great mace "Firestarter" {inner flame, rF++}
    13 | D        | Found the +6 shillelagh "Devastator" {shatter}
    13 | D        | Found the +11 plutonium sword {Contam Stlth-}
    13 | D        | Found the +8 lance "Wyrmbane" {slay drac, rPois rF+ rC+
                  | AC+3}
    13 | D        | Found the +9 sword of Zonguldrok {reap}
    13 | D        | Found the +13 scythe of Curses {drain, Drain}
    13 | D        | Found the +5 sword of Power {vorpal}
    13 | D        | Found the +7 mace of Variability {chain chaos}
    13 | D        | Found the +7 Singing Sword {vorpal, sonic wave}
    13 | D        | Found the +8 storm bow {elec, penet}
    14 | D        | Found a viscous altar of Jiyva.
    14 | D        | Found a hazy altar of Hepliaklqana.
    14 | D        | Found a transporter.
    14 | D        | Found an opulent altar of Gozag.
    14 | D        | Found an ancient bone altar of Kikubaaqudgha.
    14 | D        | Found a corrupted altar of Lugonu.
    21 | D        | Found a burning altar of Makhleb.
    22 | D        | Found a stormy altar of Qazlal.
    22 | D        | Found a sacrificial altar of Ru.
    22 | D        | Found an iron altar of Okawaru.
    22 | D        | Found a shimmering blue altar of Sif Muna.
    22 | D        | Found a sparkling altar of Nemelex Xobeh.
    22 | D        | Found a bloodstained altar of Trog.
    68 | D        | Entered arena 2.
    68 | D        | Noticed a jumping spider
    68 | D        | Noticed a jumping spider
    68 | D        | Found a transporter.
    71 | D        | Killed a jumping spider
    72 | D        | Reached skill level 8 in Polearms
    72 | D        | Reached skill level 5 in Armour
    72 | D        | Reached XP level 2. HP: 36/36 MP: 1/1
    72 | D        | Reached XP level 3. HP: 41/41 MP: 2/2
    72 | D        | Reached XP level 4. HP: 49/49 MP: 3/3
    72 | D        | Reached XP level 5. HP: 56/56 MP: 4/4
    74 | D        | Killed a jumping spider
    75 | D        | Reached skill level 10 in Fighting
    75 | D        | Reached skill level 10 in Polearms
    75 | D        | Reached skill level 5 in Dodging
    75 | D        | Reached XP level 6. HP: 66/66 MP: 5/5
   115 | D        | Entered arena 3.
   115 | D        | Found the ring of the Octopus King {Fly HP+2 AC+2 EV+2
                  | SH+2}
   115 | D        | Found a transporter.
   121 | D        | Reached ** piety under Trog
   125 | D        | Reached skill level 11 in Polearms
   131 | D        | Got a ring of the Octopus King {Fly HP+2 AC+2 EV+2 SH+2}
   137 | D        | Entered arena 4.
   137 | D        | Noticed a large abomination
   137 | D        | Found a transporter.
   145 | D        | Killed a large abomination
   145 | D        | Reached *** piety under Trog
   146 | D        | Reached skill level 12 in Polearms
   146 | D        | Reached XP level 7. HP: 74/74 MP: 6/6
   153 | D        | Got the ring of the Ant {*Slow rPois rC+ SInv Stlth+}
   197 | D        | Entered arena 5.
   197 | D        | Found a transporter.
   199 | D        | Reached **** piety under Trog
   210 | D        | Entered arena 6.
   210 | D        | Noticed a spriggan
   210 | D        | Noticed a spriggan
   210 | D        | Found a transporter.
   220 | D        | Killed a spriggan
   221 | D        | Reached skill level 13 in Polearms
   221 | D        | Reached ***** piety under Trog
   223 | D        | Killed a spriggan
   224 | D        | Reached XP level 8. HP: 85/85 MP: 7/7
   225 | D        | Received a gift from Trog
   226 | D        | Reached skill level 14 in Polearms
   232 | D        | Got the ring of Puefal {rCorr EV+4 Stlth+}
   264 | D        | Entered arena 7.
   264 | D        | Noticed a komodo dragon
   264 | D        | Noticed a black mamba
   265 | D        | Found a transporter.
   273 | D        | Killed a komodo dragon
   274 | D        | Reached skill level 15 in Polearms
   274 | D        | Reached skill level 1 in Shields
   274 | D        | Killed a black mamba
   276 | D        | Reached skill level 10 in Armour
   660 | D        | Entered arena 8.
   660 | D        | Noticed a jumping spider
   660 | D        | Noticed a tarantella
   661 | D        | Found a transporter.
   663 | D        | Killed a tarantella
   664 | D        | Reached skill level 16 in Polearms
   664 | D        | Reached XP level 9. HP: 95/95 MP: 8/8
   675 | D        | Reached ****** piety under Trog
   693 | D        | Entered arena 9.
   693 | D        | Noticed a komodo dragon
   693 | D        | Noticed a brown ugly thing
   693 | D        | Noticed a green ugly thing
   693 | D        | Noticed a white ugly thing
   697 | D        | Reached skill level 17 in Polearms
   698 | D        | Noticed a manticore
   698 | D        | a komodo dragon changed into a manticore
   700 | D        | Killed a green ugly thing
   701 | D        | Reached skill level 15 in Fighting
   707 | D        | Splashed by a brown ugly thing's acid

Illustrated notes

Levels and vault maps discovered:
D:        sprint_v [room_start, room_1, room_2, room_3, room_4, room_5, room_6,
          room_7, room_8, room_9, room_10, room_11, room_12, room_13, room_14,
          room_15, room_16, room_17, room_18, room_19, room_20, room_21,
          room_22, room_23, room_24, room_25, room_26, room_27]

Skill      XL: |  1  2  3  4  5  6  7  8  9 |
---------------+----------------------------+-----
Fighting       | 8 10 11 12 14 15 | 15.1
Polearms       | 8 10 12 13 16 17 | 17.5
Armour         | 5 6 8 10 12 | 12.1
Dodging        | 4 5 6 |  6.3
Shields        | 2 3 |  3.1
Evocations     | |  0.5

Action                   |  1- 3 |  4- 6 |  7- 9 || total
-------------------------+-------+-------+-------++-------
Melee: Bardiche          |     2 |    18 |    48 ||    68
       Headbutt          |       |     4 |     6 ||    10
Invok: Berserk           |     1 |     1 |     3 ||     5
Evoke: Tin of tremorston |       |       |     2 ||     2
Armor: Gold dragon scale |     4 |    34 |    92 ||   130
Dodge: Dodged            |     1 |    19 |    67 ||    87
Block: Other             |       |     1 |    16 ||    17
